 Dungeon Sprint DCSS version 0.19.1 (webtiles) character file.

25 Kikal the Changer (level 2, -7/12 HPs)
             Began as a Felid Transmuter on Dec 2, 2016.
             Mangled by an ogre
             ... wielding a +0 giant club
              (19 damage)
             ... in the Dungeon (Sprint I: "Red Sonja").
             The game lasted 00:01:35 (153 turns).

Kikal the Changer (Felid Transmuter)                 Turns: 153, Time: 00:01:37

Health: -7/12      AC:  1    Str:  6    XL:     2   Next: 82%
Magic:  2/6        EV: 18    Int: 14    God:
Gold:   0          SH:  0    Dex: 16    Spells: 2 memorised, 2 levels left
                                        Lives:  0   Deaths: 0

rFire  . . .     SeeInvis +       - Unarmed
rCold  . . .     Gourm    .     (armour unavailable)
rNeg   . . .     Faith    .     (shield unavailable)
rPois  .         Spirit   .     (helmet unavailable)
rElec  .         Reflect  .     (cloak unavailable)
rCorr  .         Harm     .     (gloves unavailable)
MR     .....     NoTele   +     (boots unavailable)
Stlth  ++........               (no amulet)
                                (no ring)
                                (no ring)

@: quick
A: no armour, no weapons or thrown items, stealth, claws 1, fangs 3, see
invisible, carnivore 3, speed 1, shaggy fur 1, slow metabolism 1, sharp paws
a: no special abilities


You were in the Dungeon.
You were full.

You visited 1 branch

Inventory:

Missiles
 a - 10 arrows
Scrolls
 i - a scroll of blinking
Potions
 d - a potion of curing
 f - a potion of haste
 g - 2 potions of magic
 h - a potion of berserk rage
Books
 b - a book of Changes

   Spells                             Type                      Level
   a - Beastly Appendage              Transmutation                1
   b - Sticks to Snakes               Transmutation                2
   c - Spider Form                    Transmutation/Poison         3
   d - Ice Form                       Ice/Transmutation            4
   e - Blade Hands                    Transmutation                5
Comestibles
 c - a meat ration


   Skills:
 + Level 1.0 Fighting
 - Level 2.6 Dodging
 + Level 0.0 Stealth
 - Level 5.0 Unarmed Combat
 + Level 2.0 Spellcasting
 - Level 5.0 Transmutations


You had 2 spell levels left.
You knew the following spells:

 Your Spells              Type           Power        Failure   Level  Hunger
a - Beastly Appendage     Tmut           ###...       2%          1    ##.....
b - Sticks to Snakes      Tmut           ###.....     4%          2    ###....


Dungeon Overview and Level Annotations

Branches:
Dungeon (1/1)

Altars:


Innate Abilities, Weirdness & Mutations

You cannot wear armour.
You are incapable of wielding weapons or throwing items.
Your paws allow you to move quietly. (Stealth)
You have sharp claws.
You have razor-sharp teeth.
You have supernaturally acute eyesight. (SInv)
You are carnivorous and can eat meat at any time.
You cover ground quickly.
You are covered in fur. (AC +1)
You have a slow metabolism.
Your sharp claws are effective at attacking unaware monsters.


Message History

Ouch! That really hurt!
* * * LOW HITPOINT WARNING * * *
You take 9 damage, and have 3/12 hp.
MASSIVE DAMAGE!!
You now have 2/6 mp.
Your ball python completely misses the ogre.
Your adder barely misses the ogre.
You feel much better.
Your ball python bites the ogre.
Your adder bites the ogre.
The ogre is poisoned.
Your adder poisons the ogre!
Health restored: 12 You scratch the ogre.
You bite the ogre.
The ogre is moderately wounded.
Your adder bites the ogre.
The ogre closely misses you.
Your ball python bites the ogre.
You claw the ogre!
The ogre is severely wounded.
Your adder bites the ogre.
The ogre looks even sicker.
Your adder poisons the ogre!
Your ball python bites the ogre but does no damage.
The ogre hits you with a giant club!!
Ouch! That really hurt!
You die...

##########
#<.#..'..#
#..').#..+
#..#####+#
#SS# #O.#
#@.# #⌠⌠#
####


You could see an ogre, a friendly adder and a friendly ball python.

Vanquished Creatures
  Ijyb (D)
1 creature vanquished.

Vanquished Creatures (others)
  A gargoyle (D)
1 creature vanquished.

Grand Total: 2 creatures vanquished

Notes
Turn   | Place    | Note
-------+----------+-------------------------------------------
     0 | D        | Kikal the Felid Transmuter began the quest for the Orb.
     0 | D        | Reached XP level 1. HP: 9/9 MP: 4/4
     3 | D        | Noticed Ijyb
    16 | D        | Killed Ijyb
    16 | D        | Reached skill level 5 in Unarmed Combat
    16 | D        | Reached skill level 5 in Transmutations
    16 | D        | Reached XP level 2. HP: 7/12 MP: 6/6
   105 | D        | Killed a gargoyle
   138 | D        | Learned a level 2 spell: Sticks to Snakes
   140 | D        | Noticed an ogre
   153 | D        | Mangled by an ogre

Skill      XL: |  1 |
---------------+----+-----
Unarmed Combat | 5 |  5.0
Transmutations | 5 |  5.0
Fighting       | |  1.0
Dodging        | |  2.6
Spellcasting   | |  2.0

Action                   || total
-------------------------++-------
Melee: Unarmed           ||    14
       Bite              ||     3
       Headbutt          ||     1
 Cast: Beastly Appendage ||     1
       Sticks to Snakes  ||     2
  Use: Potion            ||     1
  Eat: Chunk             ||     2
Armor: Skin              ||     2
Dodge: Dodged            ||    10
